 Dungeon Crawl Stone Soup version 0.28.0-53-g5a82cb258f (webtiles) character file.

Game seed: 7879611907275053099

28 NinjaNoafa the Gusty (level 3, -21/26 HPs)
             Began as a Draconian Air Elementalist on Aug 18, 2022.
             Killed by an exploding quokka (30 damage)
             ... ignited by their inner flame
             ... on level 3 of the Dungeon.
             The game lasted 00:06:03 (2536 turns).

NinjaNoafa the Gusty (Draconian Air Elementalist)   Turns: 2536, Time: 00:06:06

Health: -21/26     AC:  5    Str: 10    XL:     3   Next: 0%
Magic:  12/15      EV: 12    Int: 17    God:
Gold:   100        SH:  0    Dex: 11    Spells: 6/7 levels left

rFire   . . .      SeeInvis .   a - +0 dagger
rCold   . . .      Faith    +   (no shield)
rNeg    . . .      Spirit   .   (armour unavailable)
rPois   .          Reflect  .   (helmet restricted)
rElec   .          Harm     .   (no cloak)
rCorr   .          Rampage  .   (no gloves)
Will    .....                   (no boots)
Stlth   ++........              c - amulet of faith
HPRegen 0.08/turn               i - ring of magical power
MPRegen 0.14/turn               h - ring of wizardry

@: about to teleport
A: AC +5, unfitting armour, cold-blooded
a: no special abilities


You were on level 3 of the Dungeon.
You visited 1 branch of the dungeon, and saw 3 of its levels.

You collected 100 gold pieces.

Inventory:

Hand Weapons
 a - a +0 dagger (weapon)
Jewellery
 c - an amulet of faith (around neck)
 d - a ring of fire
 f - a +4 ring of evasion
 h - a ring of wizardry (right hand)
 i - a ring of magical power (left hand)
Scrolls
 e - a scroll of identify
 g - a scroll of enchant weapon


   Skills:
 - Level 1.7 Dodging
 - Level 1.7 Stealth
 - Level 2.5 Spellcasting
 + Level 1.5 Conjurations
 * Level 3.5 Air Magic


You had 6 spell levels left.
You knew the following spells:

 Your Spells              Type           Power      Damage    Failure   Level
a - Shock                 Conj/Air       40%        1d5       2%          1

Your spell library contained the following spells:

 Spells                   Type           Power      Damage    Failure   Level
 Static Discharge         Conj/Air       10%        N/A       4%          2
 Swiftness                Air            14%        N/A       5%          3
 Beastly Appendage        Tmut           4%         N/A       8%          1
 Wereblood                Tmut           2%         N/A       12%         2
 Airstrike                Air            7%         N/A       16%         4
 Spider Form              Tmut/Pois      2%         N/A       22%         3


Dungeon Overview and Level Annotations

Branches:
Dungeon (3/15)

Altars:

Annotations:
D:3 1 runed translucent door


Innate Abilities, Weirdness & Mutations

Your plain brown scales are hard. (AC +5)
You cannot fit into any form of body armour.
You are cold-blooded and may be slowed by cold attacks.


Message History

The quokka is severely wounded.
The quokka bites you. The quokka closely misses you. The orc barely misses you.
Found 2 large rocks.
The quokka barely misses you. The quokka closely misses you.
The quokka bites you.
You open the large door.
A goblin comes into view. It is wielding a +0 hunting sling.
The quokka bites you. The orc barely misses you.
Found a leather armour.
The quokka misses you.
There is a large open door here.
As you read the scroll labelled XUPINEMPOY, it crumbles to dust.
The creatures around you are filled with an inner flame!
It was a scroll of immolation.
The hobgoblin shouts!
The goblin shouts!
You hear a shout!
The quokka bites you but does no damage.
The orc barely misses you.
You hear an angry hiss.
As you read the scroll labelled GELEBB JUOTAAPN, it crumbles to dust.
You feel strangely unstable.
It was a scroll of teleportation.
The quokka bites you but does no damage.
The goblin unwields a +0 hunting sling.
The goblin barely misses you. The orc closely misses you.
A frilled lizard comes into view.
The quokka closely misses you. The orc hits you with a +0 hand axe.
You aren't carrying any items that you can evoke.
Aiming: Shock (safe; 2% risk of failure)
Press: ? - help, Q - select action Shift-Dir - straight line, f/p - quokka
Aim: a quokka (severely wounded, inner flame, 56% to hit)
The zap misses the quokka.
The zap hits the goblin.
Flame seeps out of the goblin.
The goblin is severely wounded.
The goblin is engulfed in blazing flames.
The goblin explodes!
The fiery explosion engulfs the quokka!!!
The quokka explodes!
The fiery explosion engulfs you!!
Ouch! That really hurt!
You die...

### ...l
#### .....
#.@##≈≈....
#(o§○.≈J...
#.§##§≈....
#..# ≈....
#..# .[..
#..## ###
#≈≈ #...##
#≈≈≈#....#
#w≈≈#....#


You could see an orc (inner flame) and an endoplasm (inner flame).

Vanquished Creatures
  A dart slug (D:2)
  An endoplasm (D:1)
  A giant cockroach (D:1)
  4 hobgoblins
  4 quokkas
  A ball python (D:2)
  4 bats (D:1)
  2 frilled lizards (D:1)
  3 goblins
  3 kobolds
  2 rats
26 creatures vanquished.

Vanquished Creatures (others)
  19 plants (D:1)
19 creatures vanquished.

Grand Total: 45 creatures vanquished

Notes
Turn   | Place    | Note
-------+----------+-------------------------------------------
     0 | D:1      | NinjaNoafa the Draconian Air Elementalist began the quest
                  | for the Orb.
     0 | D:1      | Reached XP level 1. HP: 14/14 MP: 3/3
   468 | D:2      | Reached XP level 2. HP: 8/20 MP: 0/5
  1190 | D:1      | Found a faded altar of an unknown god.
  2397 | D:3      | Reached XP level 3. HP: 26/26 MP: 6/6
  2504 | D:3      | Found a runed translucent door.
  2536 | D:3      | Killed by an exploding quokka... ignited by their inner
                  | flame

Illustrated notes

Levels and vault maps discovered:
D:1:      roderic_crop_circles_arrival_small, layout_loops_cross,
          chequers_ecumenical_altar_twisty
D:2:      layout_basic, uniq_robin
D:3:      layout_basic, ebering_ghost_sewer_f, minmay_goblin_outpost,
          uniq_jessica

Action                   || total
-------------------------++-------
Melee: Unarmed           ||    17
       Dagger            ||    31
       Tailslap          ||     6
       Punch             ||     1
 Cast: Shock             ||    79
  Use: Scroll            ||     4
       Potion            ||     1
Armor: Skin              ||    16
Dodge: Dodged            ||    60
